 Dungeon Crawl Stone Soup version 0.31-a0-986-g5e6e4ef867 (webtiles) character file.

Game seed: 700901034097621621

1549 Getoffmy the Chopper (level 9, -2/75 HPs)
             Began as a Formicid Fighter on Nov 11, 2023.
             Was an Initiate of Makhleb.
             Slain by Prince Ribbit (8 damage)
             ... on level 5 of the Dungeon on Nov 12, 2023.
             The game lasted 00:08:30 (4757 turns).

Getoffmy the Chopper (Formicid Fighter)             Turns: 4757, Time: 00:08:31

Health: -2/75      AC: 12    Str: 31    XL:     9   Next: 12%
Magic:  11/11      EV: 14    Int:  8    God:    Makhleb [......]
Gold:   221        SH:  5    Dex: 13    Spells: 8/8 levels left

rFire   . . .        a - +0 war axe
rCold   . . .        c - +0 buckler
rNeg    . . .        p - +0 chain mail
rPois   .            (helmet unavailable)
rElec   .            t - +0 cloak
rCorr   .            l - +0 pair of gloves
SInv    +            (no boots)
Will    .....        (no amulet) Stlth
                     q - +6 ring of strength
HPRegen 0.32/turn    r - +5 ring of evasion
MPRegen 0.12/turn

%: no passive effects
@: mighty
A: permanent stasis, dig shafts and tunnels, antennae 3, four strong arms,
robust 1
a: Dig, Shaft Self, Renounce Religion


You were on level 5 of the Dungeon.
You worshipped Makhleb.
Makhleb was noncommittal.
You visited 2 branches of the dungeon, and saw 7 of its levels.

You collected 221 gold pieces.

Inventory:

Hand Weapons
 a - a +0 war axe (weapon)
Missiles
 e - 37 stones
 m - 5 poisoned darts
 B - 4 javelins
Armour
 c - a +0 buckler (worn)
 l - a +0 pair of gloves (worn)
 p - a +0 chain mail (worn)
 t - a +0 cloak (worn)
Jewellery
 o - a ring of willpower
 q - a +6 ring of strength (left hand)
 r - a +5 ring of evasion (right hand)
 C - an amulet of faith
Wands
 D - a wand of flame (25)
Scrolls
 b - a scroll of enchant weapon {unknown}
 f - 5 scrolls of identify
 h - a scroll of revelation {unknown}
 i - 2 scrolls of teleportation
 j - 2 scrolls of amnesia {unknown}
 n - 2 scrolls of vulnerability {unknown}
 s - a scroll of acquirement {unknown}
 u - a scroll of noise {unknown}
 v - a scroll of fear {unknown}
 y - a scroll of immolation {unknown}
Potions
 d - a potion of might
 g - 2 potions of lignification
 k - a potion of resistance {unknown}
 w - a potion of brilliance {unknown}
 x - a potion of degeneration {unknown}
 z - a potion of curing {unknown}
 A - 2 potions of haste {unknown}


   Skills:
 + Level 6.2 Fighting
 * Level 7.1 Axes
 + Level 6.2 Armour
 - Level 6.3 Shields
 + Level 3.1 Invocations


You had 8 spell levels left.
You didn't know any spells.
Your spell library contained the following spells:

 Spells                   Type           Power      Damage    Failure   Level
 Magic Dart               Conj           0%         1d3       87%         1
 Summon Small Mammal      Summ           0%         N/A       87%         1
 Ensorcelled Hibernation  Hex/Ice        0%         N/A       95%         2
 Jinxbite                 Hex            0%         N/A       95%         2
 Searing Ray              Conj           0%         2d4       95%         2
 Call Canine Familiar     Summ           0%         N/A       99%         3
 Dazzling Flash           Conj/Hex       0%         N/A       99%         3
 Summon Guardian Golem    Hex/Summ       0%         N/A       99%         3
 Volatile Blastmotes      Fire/Tloc      0%         2d10      99%         3
 Anguish                  Hex/Necr       0%         N/A       100%        4
 Fulminant Prism          Conj/Hex       0%         3d5       100%        4
 Olgreb's Toxic Radiance  Pois           0%         N/A       100%        4
 Starburst                Conj/Fire      0%         6d3       100%        6
 Discord                  Hex            0%         N/A       100%        8
 Ignition                 Fire           0%         3d3       100%        8
 Maxwell's Capacitive Co  Air            0%         ∞         100%        8


Dungeon Overview and Level Annotations

Branches:
Dungeon (6/15)             Temple (1/1) D:5

Altars:
Cheibriados
Dithmenos
Fedhas
Hepliaklqana
Makhleb
Okawaru
Qazlal
Ru
Sif Muna
Trog
Uskayaw
Wu Jian
Xom
Yredelemnul
The Shining One

Shops:
D:1 =(

Annotations:
D:5 Prince Ribbit


Innate Abilities, Weirdness & Mutations

You cannot be hasted, slowed, berserked, paralysed or teleported.
You can dig through walls and to a lower floor.
You have a pair of large antennae on your head. (SInv)
Your four strong arms can wield two-handed weapons with a shield.
You are robust. (+10% HP)


Message History

You closely miss Prince Ribbit.
Prince Ribbit is lightly wounded.
Prince Ribbit hits you!
* * * LOW HITPOINT WARNING * * *
Prince Ribbit hits you!
* * * LOW HITPOINT WARNING * * *
You closely miss Prince Ribbit.
Prince Ribbit is lightly wounded.
Prince Ribbit blinks!
You block the gnoll's attack. The gnoll hits you but does no damage.
You slash the gnoll!
The gnoll is severely wounded.
You closely miss the gnoll. You block the gnoll's attack.
The gnoll barely misses you. x2
You hit the gnoll.
The gnoll is lightly wounded.
You slash the gnoll!
You kill the gnoll!
Makhleb accepts your kill.
Prince Ribbit blinks!
The gnoll barely misses you.
You slash the gnoll!
You kill the gnoll!
Makhleb accepts your kill. Prince Ribbit hits you!
* * * LOW HITPOINT WARNING * * *
Okay, then.
As you read the scroll labelled AMUNUO KAKHOUB, it crumbles to dust.
It is a scroll of identify.
g - 2 potions of lignification Prince Ribbit misses you.
Prince Ribbit attacks as he pursues you!
Prince Ribbit barely misses you.
Prince Ribbit croaks regally.
Prince Ribbit barely misses you.
As you read the scroll labelled ESULIE ETEIQA, it crumbles to dust.
You feel a strange sense of stasis.
It was a scroll of teleportation.
Prince Ribbit closely misses you.
The sentinel's mark upon you fades away.
Prince Ribbit hits you!
You die...

######### #.......#
####### #####
#.#####.###......
#..>###.##......#.#####
#..).F@....##........##
#..)###.#####...#.#...#
##.## #.#####.###.#.#.#
##.####.......###......
#..............##......
#..####........##.#.###
#....##........##.#.###
#.#..##........##.#..##
#.#.###........##.##.##


You could see Prince Ribbit.

Vanquished Creatures
  Pikel (D:5)
  An ogre (D:5)
  A phantom (D:4)
  A scorpion (D:5)
  4 hounds
  2 jellies
  3 orc priests
  Jessica (D:3)
  Natasha (thrice) (D:4)
  3 iguanas
  6 orc wizards
  2 sleepcaps
  2 gnolls (D:5)
  8 adders
  A shadow imp (D:5)
  2 ufetubi (D:6)
  3 worms
  3 dart slugs
  17 orcs
  8 endoplasms
  A giant cockroach (D:4)
  11 goblins
  10 hobgoblins
  2 jackals (D:2)
  10 kobolds
  4 quokkas
  6 ball pythons
  2 bats (D:1)
  2 frilled lizards
  6 rats
126 creatures vanquished.

Notes
Turn   | Place    | Note
-------+----------+-------------------------------------------
     0 | D:1      | Getoffmy the Formicid Fighter began the quest for the Orb.
     0 | D:1      | Reached XP level 1. HP: 18/18 MP: 1/1
   126 | D:1      | Reached XP level 2. HP: 22/24 MP: 2/2
   254 | D:1      | Found a faded altar of an unknown god.
   333 | D:1      | Reached XP level 3. HP: 27/29 MP: 3/3
   553 | D:1      | Found Japlucwoc's Antique Weapon Shop.
   686 | D:1      | Found Kis Nur's Jewellery Shop.
  1131 | D:2      | Reached skill level 3 in Axes
  1131 | D:2      | Reached XP level 4. HP: 32/37 MP: 4/4
  1443 | D:2      | Reached XP level 5. HP: 41/42 MP: 5/5
  2082 | D:3      | Reached skill level 5 in Shields
  2088 | D:3      | Reached skill level 4 in Axes
  2141 | D:3      | Reached XP level 6. HP: 48/48 MP: 6/6
  2438 | D:3      | Noticed Jessica
  2448 | D:3      | Killed Jessica
  2506 | D:3      | Gained mutation: You occasionally lose the ability to drink
                  | potions when taking damage. [potion of mutation]
  2524 | D:3      | Lost mutation: You occasionally lose the ability to drink
                  | potions when taking damage. [potion of mutation]
  2524 | D:3      | Gained mutation: You possess an exceptional clarity of
                  | mind. [potion of mutation]
  2524 | D:3      | Gained mutation: You occasionally lose the ability to read
                  | scrolls when taking damage. [potion of mutation]
  2524 | D:3      | Gained mutation: You are robust. (+10% HP) [potion of
                  | mutation]
  2525 | D:3      | Lost mutation: You occasionally lose the ability to read
                  | scrolls when taking damage. [potion of mutation]
  2525 | D:3      | Lost mutation: You possess an exceptional clarity of mind.
                  | [potion of mutation]
  2604 | D:3      | Found a shimmering altar of Xom.
  2846 | D:4      | Noticed Natasha
  2850 | D:4      | Reached XP level 7. HP: 43/60 MP: 7/7
  2860 | D:4      | Killed Natasha
  2995 | D:4      | Reached skill level 5 in Axes
  3099 | D:4      | Noticed Natasha
  3103 | D:4      | Killed Natasha
  3206 | D:4      | Reached skill level 5 in Fighting
  3206 | D:4      | Reached skill level 5 in Armour
  3298 | D:4      | Found a burning altar of Makhleb.
  3448 | D:4      | Found a stormy altar of Qazlal.
  3449 | D:4      | Noticed Natasha
  3456 | D:4      | Killed Natasha
  3628 | D:4      | Became a worshipper of Makhleb the Destroyer
  3652 | D:5      | Entered Level 5 of the Dungeon
  3652 | D:5      | Found a staircase to the Ecumenical Temple.
  3663 | D:5      | Reached XP level 8. HP: 48/68 MP: 8/8
  3687 | Temple   | Entered the Ecumenical Temple
  3852 | D:5      | Noticed Pikel
  3873 | D:5      | Killed Pikel
  3874 | D:5      | Reached skill level 6 in Axes
  4507 | D:5      | Reached skill level 7 in Axes
  4507 | D:5      | Reached XP level 9. HP: 29/75 MP: 9/11
  4722 | D:6      | Noticed Prince Ribbit
  4757 | D:5      | Slain by Prince Ribbit

Illustrated notes

Levels and vault maps discovered:
D:1:      erik_arrival_triangle_small, layout_loops_ring, serial_shops,
          nicolae_shop_hallway_plus, nicolae_diamond_shop,
          ebering_ecumenical_altar_sacrificial, st_stairs_4
D:2:      layout_loops_corners, minmay_strange_pillars,
          ebering_dispersal_statue_hall
D:3:      layout_rooms, mainiacjoe_overflow_24_doors, serial_bayou,
          serial_bayou_shore_a, serial_bayou_lake_a, serial_bayou_lagoon_a,
          serial_bayou_pond_b, minmay_cupped, uniq_jessica
D:4:      layout_rooms, lemuel_round_altar, mainiacjoe_overflow_surrounded_room,
          kennysheep_cluttered_room, uniq_natasha
D:5:      layout_loops_cross, minmay_temple_entry_trees, uniq_pikel
D:6:      layout_gridville, nemelex_dance_club_becter, nicolae_zig_zag_zippers,
          uniq_prince_ribbit1, uniq_jeremiah
Temple:   nicolae_temple_x_marks_the_god

Skill      XL: |  1  2  3  4  5  6  7  8  9 |
---------------+----------------------------+-----
Axes           | 3 4 5 7 |  7.1
Fighting       | 4 5 6 |  6.2
Armour         | 4 5 6 |  6.2
Shields        | 5 6 |  6.3
Invocations    | 2 3 |  3.1

Action                     |  1- 3 |  4- 6 |  7- 9 || total
---------------------------+-------+-------+-------++-------
  Melee: War axe           |    85 |   163 |   166 ||   414
    Use: Potion            |       |     3 |     2 ||     5
         Scroll            |       |       |     2 ||     2
 Armour: Scale mail        |    59 |    15 |       ||    74
         Chain mail        |       |   113 |   114 ||   227
  Dodge: Dodged            |    39 |    83 |   104 ||   226
  Block: Buckler           |    21 |    46 |    51 ||   118

Table legend: (Time is in decaauts)
 A = Elapsed time spent in this place.
 B = Non-inter-level travel time spent in this place.
 C = Inter-level travel time spent in this place.
 D = Time resting spent in this place.
 E = Time spent auto-exploring this place.
 F = Levels seen in this place.
 G = Mean time per level.
                   A        B        C        D        E       F      G
               +--------+--------+--------+--------+--------+-----+--------+
         Total |   4930 |   4774 |    156 |    462 |   3220 |   7 |  704.3 |
       Dungeon |   4919 |   4763 |    156 |    453 |   3220 |   6 |  819.8 |
        Temple |     10 |     10 |      0 |      9 |      0 |   1 |   10.0 |
               +--------+--------+--------+--------+--------+-----+--------+

Top non-repeatable levels by time:
     D:3: 1051 daAuts
     D:2: 1039 daAuts
     D:5: 1024 daAuts
     D:4: 858 daAuts
     D:1: 854 daAuts
     D:6: 91 daAuts
  Temple: 10 daAuts
